 Dungeon Crawl Stone Soup version 0.30.1 (webtiles) character file.

Game seed: 17803660729319716575

4923 Ijustatesigmund the Conjurer (level 10, 0/64 HPs)
             Began as an Octopode Conjurer on July 13, 2023.
             Slain by a four-headed hydra (9 damage)
             ... on level 8 of the Dungeon.
             The game lasted 00:31:50 (15922 turns).

Ijustatesigmund the Conjurer (Octopode Conjurer)   Turns: 15922, Time: 00:31:51

Health: 0/64       AC:  5    Str: 12    XL:     10   Next: 52%
Magic:  12/19      EV: 20    Int: 26    God:
Gold:   425        SH:  0    Dex: 18    Spells: 10/21 levels left

rFire   + . .        c - +5 flail (holy)
rCold   + . .        (no shield)
rNeg    . . .        s - +2 hat
rPois   .            (no amulet)
rElec   .            d - ring of willpower
rCorr   .            f - +5 ring of evasion
SInv    .            m - ring "Ulionaz" {Str+6 Int+2 Dex+6}
Will    +....        w - ring of protection from cold
Stlth   +++          (no ring)
HPRegen 0.30/turn    (no ring)
MPRegen 0.16/turn    (no ring)
                     (no ring)

%: no passive effects
@: very slightly contaminated
A: almost no armour, amphibious, 8 rings, camouflage 1, gelatinous body 1,
(nimble swimmer 1), tentacles, tentacle spike 1, iridescent scales 1, fire
resistance 1
a: no special abilities


You were on level 8 of the Dungeon.
You visited 2 branches of the dungeon, and saw 9 of its levels.
You also visited: Bailey.

You collected 425 gold pieces.

Inventory:

Hand Weapons
 b - a +3 flail of holy wrath
 c - a +5 flail of holy wrath (weapon)
Missiles
 o - 3 throwing nets
Armour
 s - a +2 hat (worn)
Jewellery
 d - a ring of willpower (left tentacle)
 f - a +5 ring of evasion (right tentacle)
 m - the ring "Ulionaz" (on tentacle) {Str+6 Int+2 Dex+6}
   (You acquired it on level 3 of the Dungeon)

   [ring of dexterity]

   Str:       It affects your strength (+6).
   Int:       It affects your intelligence (+2).
   Dex:       It affects your dexterity (+6).
 w - a ring of protection from cold (on tentacle)
Wands
 u - a wand of flame (30)
 v - a wand of iceblast (6)
Scrolls
 e - a scroll of poison
 l - 2 scrolls of amnesia
 q - a scroll of enchant armour
 y - a scroll of silence
Potions
 a - a potion of magic
 g - 3 potions of attraction
 h - a potion of curing
 i - 3 potions of cancellation
 j - a potion of lignification {unknown}
 k - 3 potions of might
 n - a potion of mutation
 p - a potion of brilliance {unknown}
 r - a potion of berserk rage {unknown}
 t - a potion of haste {unknown}
 z - a potion of flight {unknown}


   Skills:
 - Level 4.2 Fighting
 - Level 2.6 Maces & Flails
 + Level 4.8 Dodging
 - Level 2.6 Stealth
 + Level 6.2 Spellcasting
 + Level 7.5 Conjurations
 + Level 5.5 Necromancy
 - Level 7.1 Translocations
 + Level 4.0 Evocations


You had 10 spell levels left.
You knew the following spells:

 Your Spells              Type           Power      Damage    Failure   Level
a - Magic Dart            Conj           100%       1d8       1%          1
b - Searing Ray           Conj           94%        2d7       1%          2
c - Iskenderun's Mystic   Conj/Tloc      46%        2d10      3%          4
d - Dispel Undead         Necr           36%        3d15      7%          4

Your spell library contained the following spells:

 Spells                   Type           Power      Damage    Failure   Level
 Kiss of Death            Conj/Necr      100%       2d13      1%          1
 Dazzling Flash           Conj/Hex       54%        N/A       4%          3
 Fulminant Prism          Conj/Hex       13%        3d9       14%         4
 Confusing Touch          Hex            8%         N/A       21%         3


Dungeon Overview and Level Annotations

Branches:
Dungeon (8/15)             Temple (1/1) D:5          Bailey (visited)
   Lair: D:8-11

Altars:
Ashenzari
Cheibriados
Dithmenos
Elyvilon
Gozag
Nemelex Xobeh
Okawaru
Qazlal
Ru
Sif Muna
Trog
Wu Jian
Xom
Yredelemnul
Zin
The Shining One

Shops:
D:5 *


Innate Abilities, Weirdness & Mutations

You cannot wear most types of armour.
You are amphibious.
You can wear up to eight rings at the same time.
Your skin changes colour to match your surroundings (Stealth+).
Your rubbery body absorbs attacks. (AC +1, EV +1)
((You are camouflaged when in or above water. (Stealth+)))
You have tentacles for arms and can constrict up to eight enemies at once.
One of your tentacles bears a spike.
You are partially covered in iridescent scales. (AC +2)
Your flesh is heat resistant. (rF+)


Message History

* * * LOW HITPOINT WARNING * * *
The four-headed hydra bites you.
* * * LOW HITPOINT WARNING * * *
The four-headed hydra closely misses you.
Okay, then.
Okay, then.
Okay, then.
Casting: Iskenderun's Mystic Blast (dangerous; 3% risk of failure)
Confirm with . or Enter, or press ? or * to list all spells.
You erupt in a blast of force!
The mystic blast hits the bullfrog!
The bullfrog is heavily wounded.
The bullfrog gives a loud, deep croak!
The bullfrog is knocked back by the mystic blast.
The bullfrog slams into the rock wall!
The bullfrog is almost dead.
The mystic blast hits the four-headed hydra!
The four-headed hydra is heavily wounded.
The four-headed hydra is knocked back by the mystic blast.
The bullfrog misses you.
Okay, then.
Okay, then.
Magic courses through your body. The bullfrog completely misses you.
Casting: Iskenderun's Mystic Blast (dangerous; 3% risk of failure)
Confirm with . or Enter, or press ? or * to list all spells.
You erupt in a blast of force!
The mystic blast hits the bullfrog!
You kill the bullfrog!
The mystic blast hits the four-headed hydra!
The four-headed hydra is severely wounded.
The four-headed hydra is knocked back by the mystic blast.
Casting: Iskenderun's Mystic Blast (dangerous; 3% risk of failure)
Confirm with . or Enter, or press ? or * to list all spells.
You miscast Iskenderun's Mystic Blast.
You are very lightly contaminated with residual magic.
A wave of violent energy washes through your body.
* * * LOW HITPOINT WARNING * * *
The four-headed hydra bites you but does no damage.
The four-headed hydra bites you.
* * * LOW HITPOINT WARNING * * *
The four-headed hydra bites you!
You die...

#..............
#.#######.##... #.####
#.###.. #.##.## #......
#.#.#.#######.#
###..###.## ##'#
##......##.# ##...
#..##.#.#.####....
#@####...####.....
#..#.##D###...####......
.................'......
#....######...####......
#... #......##..... #..
#...##.###.... #.
#.####.# ##... # #.# #.#
##'# #.# #)# #.#


You could see a four-headed hydra.

Vanquished Creatures
  Pikel (D:7)
  A gargoyle (Bailey)
  A kobold demonologist (D:8)
  Prince Ribbit (D:5)
  A hornet (D:7)
  A shadow (D:8)
  A vampire (Bailey)
  2 steam dragons (D:8)
  A vampire mosquito (D:8)
  Menkaure (D:7)
  Edmund (D:6)
  A water moccasin (D:6)
  Duvessa (D:5)
  3 black bears
  2 centaurs (D:7)
  An ogre (D:5)
  A lemure (D:7)
  3 bullfrogs
  A gnoll sergeant (D:7)
  2 scorpions
  Dowan (D:5)
  A howler monkey (D:8)
  6 vampire bats (Bailey)
  7 wolf zombies (Bailey)
  2 jellies
  Crazy Yiuf (D:6)
  A gnoll bouda (D:7)
  An orc priest (D:5)
  4 hounds
  6 iguanas
  3 orc wizards (Temple)
  A sleepcap (D:6)
  Natasha (D:4)
  9 gnolls (D:7)
  7 adders
  10 river rats (D:5)
  2 white imps (D:5)
  An ufetubus (D:5)
  A worm (D:3)
  3 dart slugs
  10 orcs
  2 ball pythons
  7 endoplasms
  5 giant cockroaches
  4 goblins
  7 hobgoblins
  4 jackals (D:3)
  9 kobolds
  11 quokkas
  7 bats
  2 frilled lizards
  16 orc zombies (Bailey)
  22 rats
201 creatures vanquished.

Notes
Turn   | Place    | Note
-------+----------+-------------------------------------------
     0 | D:1      | Ijustatesigmund the Octopode Conjurer began the quest for
                  | the Orb.
     0 | D:1      | Reached XP level 1. HP: 11/11 MP: 3/3
   275 | D:1      | Reached XP level 2. HP: 18/18 MP: 1/5
   278 | D:1      | Learned a level 2 spell: Searing Ray
   449 | D:1      | Reached skill level 1 in Fighting
   841 | D:1      | Reached XP level 3. HP: 13/23 MP: 4/6
   991 | D:1      | Found a faded altar of an unknown god.
  2022 | D:2      | Reached XP level 4. HP: 29/29 MP: 4/8
  2748 | D:3      | Learned a level 4 spell: Iskenderun's Mystic Blast
  2749 | D:3      | Found a broken altar of Ashenzari.
  3004 | D:3      | Found a sparkling altar of Nemelex Xobeh.
  3068 | D:3      | Reached XP level 5. HP: 34/34 MP: 3/9
  3340 | D:3      | Identified a scroll of acquirement
  3340 | D:3      | Acquired the ring "Ulionaz" {Str+6 Int+2 Dex+6}
  3707 | D:4      | Noticed Natasha
  3711 | D:4      | Reached skill level 1 in Translocations
  3713 | D:4      | Killed Natasha
  3872 | D:5      | Entered Level 5 of the Dungeon
  4298 | D:5      | Reached XP level 6. HP: 31/39 MP: 3/10
  5132 | D:5      | Gained mutation: One of your tentacles bears a spike.
                  | [potion of mutation]
  5132 | D:5      | Gained mutation: You have hidden genetic potential. [potion
                  | of mutation]
  5568 | D:5      | Found a staircase to the Ecumenical Temple.
  5579 | Temple   | Entered the Ecumenical Temple
  6226 | D:5      | Reached skill level 5 in Translocations
  6226 | D:5      | Reached XP level 7. HP: 45/45 MP: 5/11
  6466 | D:5      | Noticed Duvessa
  6468 | D:5      | Noticed Dowan
  6477 | D:5      | Killed Duvessa
  6501 | D:5      | Gained mutation: You are partially covered in iridescent
                  | scales. (AC +2) [hidden potential]
  6502 | D:5      | Killed Dowan
  6503 | D:5      | Reached skill level 5 in Conjurations
  7582 | D:5      | Found Fiuptu's Overcharged Wands.
  7582 | D:5      | Noticed Prince Ribbit
  7592 | D:5      | Killed Prince Ribbit
  7593 | D:5      | Reached XP level 8. HP: 35/52 MP: 3/14
  7624 | D:5      | Gained mutation: Your flesh is heat resistant. (rF+)
                  | [hidden potential]
  7624 | D:5      | Lost mutation: You have hidden genetic potential. [hidden
                  | potential expressed]
  7705 | D:5      | Learned a level 4 spell: Dispel Undead
  8354 | D:6      | Found a bloodstained altar of Trog.
  8442 | D:6      | Reached skill level 1 in Necromancy
  8781 | D:6      | Noticed Edmund
  8795 | D:6      | Killed Edmund
  8936 | D:6      | Reached skill level 1 in Maces & Flails
  9007 | D:6      | Found a shadowy altar of Dithmenos.
  9009 | D:6      | Found a shimmering altar of Xom.
  9435 | D:6      | Found a runed translucent door.
  9436 | D:6      | Noticed Crazy Yiuf
  9444 | D:6      | Killed Crazy Yiuf
  9581 | D:6      | Reached XP level 9. HP: 58/58 MP: 5/16
  9887 | D:7      | Found a flagged portal.
  9938 | D:7      | Noticed Pikel
  9947 | D:7      | Killed Pikel
  9948 | D:7      | Reached skill level 5 in Spellcasting
 10022 | Bailey   | Entered a bailey
 10596 | Bailey   | Reached skill level 1 in Evocations
 11618 | Bailey   | Noticed a gargoyle
 11993 | Bailey   | Killed a gargoyle
 12411 | Bailey   | Reached XP level 10. HP: 42/64 MP: 13/18
 12594 | Bailey   | Identified the +0 scale mail of Cowardice {rC+}
 12621 | Bailey   | Found the +8 orange crystal plate armour {Archmagi, Int+3
                  | Clar}
 13040 | D:7      | Found an opulent altar of Gozag.
 13273 | D:7      | Noticed Menkaure
 13277 | D:7      | Killed Menkaure
 13725 | D:7      | Reached skill level 5 in Necromancy
 13991 | D:7      | Found a glowing silver altar of Zin.
 14202 | D:7      | Found a glowing golden altar of the Shining One.
 14203 | D:7      | Found an ornate altar of the Wu Jian Council.
 14831 | D:8      | Noticed a centaur warrior
 14935 | D:8      | Noticed a tengu warrior
 15391 | D:8      | Noticed a kobold demonologist
 15400 | D:8      | Killed a kobold demonologist
 15469 | D:8      | Noticed a green ugly thing
 15908 | D:8      | Noticed a four-headed hydra
 15922 | D:8      | Slain by a four-headed hydra

Illustrated notes

Levels and vault maps discovered:
D:1:      dpeg_arrival_ratfight, layout_basic,
          hellmonk_ecumenical_altar_inner_sanctum
D:2:      layout_basic, item_on_display_a
D:3:      layout_loops_ring, lemuel_crystal_altar, grunt_ashenzari_visionary
          [grunt_ashenzari_visionary_shoals, grunt_ashenzari_visionary_spider],
          serial_aquarium, aquarium_bridge_straight [aquarium_subvault_bridge,
          aquarium_subvault_wall, aquarium_subvault_bridge,
          aquarium_subvault_balcony], aquarium_window_1, aquarium_window_fake,
          aquarium_window_2, aquarium_view_2f, nicolae_kite_square_tiling_tiny
D:4:      layout_basic, mainiacjoe_overflow_six_doors_small, serial_shops,
          nicolae_shop_tiny_real_fake_doors, uniq_natasha, uniq_grinder,
          uniq_blork_the_orc, uniq_sigmund
D:5:      lemuel_ratsnest, layout_basic, minmay_temple_entry_wispy,
          dreamdust_mushroom_princess, nicolae_shop_overcharged_wands,
          uniq_duvessa, uniq_prince_ribbit1
D:6:      layout_loops_ring, mainiacjoe_overflow_alcove_1,
          mainiacjoe_overflow_catwalk_spiral, minivault_26,
          minmay_stone_trees_small, uniq_edmund, uniq_crazy_yiuf_cottage
D:7:      layout_loops_corners, grunt_gozag_statues, zin_scriptorium,
          gammafunk_temple_overflow_pools, enter_bailey_2, uniq_menkaure,
          uniq_pikel
D:8:      minmay_cut_squares, layout_loops_corners,
          grunt_temple_overflow_growth_and_decay, mainiacjoe_overflow_big_doors,
          serial_shops, nicolae_shop_mannequins
Temple:   hellmonk_temple_of_storms

Skill      XL: |  1  2  3  4  5  6  7  8  9 10 |
---------------+-------------------------------+-----
Fighting       | 1 2 3 4 |  4.2
Spellcasting   | 3 4 5 6 |  6.2
Translocations | 3 5 6 7 |  7.1
Conjurations   | 5 6 7 |  7.5
Necromancy     | 3 4 5 |  5.5
Maces & Flails | 1 2 |  2.6
Dodging        | 3 4 |  4.8
Evocations     | 2 4 |  4.0
Stealth        | |  2.6

Action                     |  1- 3 |  4- 6 |  7- 9 | 10-12 || total
---------------------------+-------+-------+-------+-------++-------
  Melee: Mace              |     8 |       |       |       ||     8
         Flail             |       |    28 |    37 |    16 ||    81
         Constrict         |       |    11 |    15 |     6 ||    32
         Tentacles         |       |     8 |    11 |     4 ||    23
         Kick              |       |       |    14 |     8 ||    22
         Punch             |       |       |     1 |       ||     1
   Cast: Magic Dart        |    60 |    81 |    63 |    17 ||   221
         Searing Ray       |     5 |    23 |    27 |     7 ||    62
         Iskenderun's Myst |       |     1 |    29 |    24 ||    54
         Dispel Undead     |       |       |     2 |     1 ||     3
  Evoke: Wand              |       |       |     5 |       ||     5
    Use: Scroll            |     3 |    11 |     7 |     1 ||    22
         Potion            |       |     2 |     2 |     2 ||     6
   Stab: Sleeping          |       |     1 |     1 |     1 ||     3
 Armour: Skin              |       |     5 |    16 |     8 ||    29
  Dodge: Dodged            |     7 |    59 |    64 |    48 ||   178
